 Dungeon Crawl Stone Soup version 0.31-a0-202-g547052bce9 (webtiles) character file.

Game seed: 5365661508745534345

25 lunkers the Charlatan (level 3, 0/26 HPs)
             Began as a Meteoran Wanderer on June 26, 2023.
             Slain by an iguana (4 damage)
             ... on level 2 of the Dungeon.
             The game lasted 00:01:24 (542 turns).

lunkers the Charlatan (Meteoran Wanderer)            Turns: 542, Time: 00:01:24

Health: 0/26       AC:  5    Str: 17    XL:     3   Next: 38%
Magic:  8/8        EV: 10    Int: 14    God:
Gold:   97         SH:  0    Dex: 11    Spells: 6/7 levels left

rFire   . . .        a - +0 whip
rCold   . . .        (no shield)
rNeg    . . .        b - +0 ring mail
rPois   .            (no helmet)
rElec   .            (no cloak)
rCorr   .            (no gloves)
SInv    .            (no boots)
Will    .....        (no amulet)
Stlth   +            (no ring)
HPRegen 0.24/turn    (no ring)
MPRegen 0.11/turn

%: no passive effects
@: glowing
A: sense surroundings 1, otherworldly, glowing, explore regen
a: no special abilities


You were on level 2 of the Dungeon.
You visited 1 branch of the dungeon, and saw 2 of its levels.

You collected 97 gold pieces.

Inventory:

Hand Weapons
 a - a +0 whip (weapon)
 e - a +0 club
 j - a +0 short sword of speed
Armour
 b - a +0 ring mail (worn)
Wands
 d - a wand of polymorph (16)
Scrolls
 c - a scroll of blinking
 f - a scroll of revelation {unknown}
 g - a scroll of acquirement {unknown}
Potions
 h - 2 potions of curing {unknown}
 i - a potion of enlightenment {unknown}
 k - a potion of heal wounds {unknown}


   Skills:
 + Level 3.5 Maces & Flails
 - Level 1.2 Armour
 - Level 1.0 Stealth
 - Level 2.6 Spellcasting
 - Level 2.1 Ice Magic
 - Level 1.2 Invocations
 - Level 3.6 Evocations


You had 6 spell levels left.
You knew the following spells:

 Your Spells              Type           Power      Damage    Failure   Level
p - Freeze                Ice            32%        1d5       17%         1

Your spell library contained the following spells:

 Spells                   Type           Power      Damage    Failure   Level
 Hailstorm                Conj/Ice       4%         3d4       61%         3


Dungeon Overview and Level Annotations

Branches:
Dungeon (2/15) Zot: 651

Altars:


Innate Abilities, Weirdness & Mutations

You passively map a small area around you.
You are easily found by Zot.
You glow in the dark.
You regain HP and MP as you explore.


Message History

You hit the hobgoblin.
You kill the hobgoblin!
(D) Dungeon
Where to? (? - help)
What level of the Dungeon? (default 1, ? - help)
You see here a ball python skeleton.
There is a stone staircase leading down here.
You climb downwards.
As you enter the new level, Zot loses track of you.
The iguana hisses angrily.
There is a stone staircase leading up here.
An iguana is nearby!
An iguana is nearby!
A rat comes into view.
Found a robe.
The iguana bites you.
You barely miss the iguana. You completely miss the iguana.
The iguana misses you.
You hit the iguana but do no damage.
The rat twitches its whiskers.
The iguana misses you.
You barely miss the iguana. The iguana bites you!
* * * LOW HITPOINT WARNING * * *
You hit the iguana.
The iguana is moderately wounded.
The iguana misses you.
You closely miss the iguana.
The iguana is moderately wounded.
The iguana bites you!
* * * LOW HITPOINT WARNING * * *
You barely miss the iguana.
The iguana is moderately wounded.
The iguana bites you.
* * * LOW HITPOINT WARNING * * *
You hit the iguana but do no damage.
The iguana is moderately wounded.
The iguana barely misses you.
You hit the iguana.
The iguana is moderately wounded.
The iguana bites you.
You die...

* , * , * * **
* * , , ## ##
* .,,
##.###.###..[,
#..@lr#......
#.###..# , * #
#.## *, * *
#r. , , * ....
* .....* ,
......., *
.......#
#..#.##.#


You could see an iguana and a rat.

Vanquished Creatures
  A dart slug (D:1)
  3 endoplasms (D:1)
  5 goblins (D:1)
  2 hobgoblins (D:1)
  3 kobolds (D:1)
  2 ball pythons (D:1)
  2 bats (D:1)
  A frilled lizard (D:1)
  2 rats (D:1)
21 creatures vanquished.

Notes
Turn   | Place    | Note
-------+----------+-------------------------------------------
     0 | D:1      | lunkers the Meteoran Wanderer began the quest for the Orb.
     0 | D:1      | lunkers set off with the following items: a +0 club, a +0
                  | ring mail, a scroll of blinking, a wand of polymorph (16);
                  | and the following spell memorised: Freeze; and the
                  | following spells available to memorise: Hailstorm.
     0 | D:1      | Reached XP level 1. HP: 14/14 MP: 5/5
    32 | D:1      | Reached skill level 1 in Maces & Flails
    43 | D:1      | Reached XP level 2. HP: 9/20 MP: 6/6
   208 | D:1      | Reached XP level 3. HP: 25/26 MP: 8/8
   493 | D:1      | Glimpsed the power of Zot.
   542 | D:2      | Slain by an iguana

Illustrated notes

Levels and vault maps discovered:
D:1:      dpeg_arrival_long_road, layout_rooms, serial_aquarium,
          aquarium_bridge_straight [aquarium_subvault_bridge,
          aquarium_subvault_window, aquarium_subvault_bridge,
          aquarium_subvault_wall], aquarium_bridge_square
          [aquarium_subvault_bridge, aquarium_subvault_wall,
          aquarium_subvault_bridge, aquarium_subvault_wall],
          aquarium_window_corner, aquarium_window_3, aquarium_window_1,
          aquarium_view_2f, aquarium_balcony_5a, ebering_dispersal_statue_hall
D:2:      layout_loops_ring, basic_altar

Skill      XL: |  1  2 |
---------------+-------+-----
Maces & Flails | 1 3 |  3.5
Armour         | |  1.2
Stealth        | |  1.0
Spellcasting   | |  2.6
Ice Magic      | |  2.1
Invocations    | |  1.2
Evocations     | |  3.6

Action                     || total
---------------------------++-------
  Melee: Club              ||    41
         Whip              ||    48
         Punch             ||     1
 Armour: Ring mail         ||    37
  Dodge: Dodged            ||    33

Table legend: (Time is in decaauts)
 A = Elapsed time spent in this place.
 B = Non-inter-level travel time spent in this place.
 C = Inter-level travel time spent in this place.
 D = Time resting spent in this place.
 E = Time spent auto-exploring this place.
 F = Levels seen in this place.
 G = Mean time per level.
                   A        B        C        D        E       F      G
               +--------+--------+--------+--------+--------+-----+--------+
         Total |    547 |    512 |     35 |      0 |    345 |   2 |  273.5 |
       Dungeon |    547 |    512 |     35 |      0 |    345 |   2 |  273.5 |
               +--------+--------+--------+--------+--------+-----+--------+

Top non-repeatable levels by time:
     D:1: 536 daAuts
     D:2: 11 daAuts
